 Dungeon Crawl Stone Soup version 0.25-a0-265-g7af84ae0ac (webtiles) character file.

Game seed: 8702429646316463362, levelgen mode: deterministic

35 DavidChitty2 the Shield-Bearer (level 3, -2/23 HPs)
             Began as a Gargoyle Fighter on Dec 8, 2019.
             Slain by a goblin
             ... wielding a +0 club
             ... led by Robin
              (3 damage)
             ... on level 2 of the Dungeon.
             The game lasted 00:01:00 (1200 turns).

DavidChitty2 the Shield-Bearer (Gargoyle Fighter)   Turns: 1200, Time: 00:01:01

Health: -2/23      AC: 10    Str: 20    XL:     3   Next: 35%
Magic:  3/3        EV:  7    Int:  8    God:
Gold:   49         SH:  9    Dex:  9    Spells: 2/2 levels left

rFire    . . .     SeeInvis .   a - +0 flail
rCold    . . .     Gourm    .   c - +0 shield
rNeg     + . .     Faith    .   b - +0 scale mail
rPois    ∞         Spirit   .   (no helmet)
rElec    +         Reflect  .   (no cloak)
rCorr    .         Harm     .   (no gloves)
MR       .....                  (no boots)
Stlth    ..........             (no amulet)
HPRegen  0.07/turn              (no ring)
MPRegen  0.08/turn              (no ring)

@: no status effects
A: negative energy resistance 1, electricity resistance, unbreathing,
petrification resistance, rot immunity, AC +3
a: no special abilities


You were on level 2 of the Dungeon.
You were not hungry.

You visited 1 branch of the dungeon, and saw 2 of its levels.

You collected 49 gold pieces.

Inventory:

Hand Weapons
 a - a +0 flail (weapon)
Armour
 b - a +0 scale mail (worn)
 c - a +0 shield (worn)
Jewellery
 f - a +3 ring of evasion {unknown}
   (You found it on level 1 of the Dungeon)
 l - an uncursed ring of protection from fire {unknown}
   (You found it on level 1 of the Dungeon)
 n - an uncursed ring of stealth {unknown}
   (You found it on level 1 of the Dungeon)
Scrolls
 g - a scroll of enchant weapon {unknown}
 i - a scroll of random uselessness {unknown}
 j - a scroll of enchant armour {unknown}
 m - a scroll of remove curse {unknown}
Potions
 d - a potion of might
 k - a potion of mutation {unknown}
 o - a potion of haste {unknown}
Comestibles
 e - 4 rations {!d}
 h - 3 chunks of flesh


   Skills:
 + Level 3.6 Fighting
 * Level 2.8 Maces & Flails
 + Level 3.6 Armour
 + Level 3.6 Shields


You had 2 spell levels left.
You didn't know any spells.
Your spell library was empty.

Dungeon Overview and Level Annotations

Branches:
Dungeon (2/15)

Altars:

Annotations:
D:2 Robin


Innate Abilities, Weirdness & Mutations

You are resistant to torment.
Your stone body is resilient. (AC +3)
You are immune to poison.
You resist negative energy. (rN+)
You are resistant to electric shocks. (rElec)
You can survive without breathing.
You are immune to petrification.
You are immune to rotting.


Message History

You block the goblin's attack. The goblin hits you but does no damage.
The hobgoblin hits you but does no damage.
You closely miss the goblin.
The goblin hits you but does no damage. x3
The hobgoblin hits you but does no damage.
You closely miss the goblin. You block the goblin's attack. x2
The goblin closely misses you.
The hobgoblin hits you but does no damage.
Robin roars a battlecry!
The goblins go into a battle-frenzy!
The goblin hits you but does no damage.
You closely miss the goblin. You block the goblin's attack. x2
The hobgoblin hits you with a cursed -1 club.
Robin hits you but does no damage. The goblin hits you but does no damage.
The goblin hits you.
You miss the goblin. You block the goblin's attack.
You block the hobgoblin's attack. Robin hits you but does no damage.
The goblin hits you but does no damage. x2; The goblin hits you with a +0 club.
Robin throws the goblin at you!
The hobgoblin hits you but does no damage.
You barely miss the goblin. You block the goblin's attack.
The goblin closely misses you. The goblin hits you but does no damage.
Robin hits you from afar with a +0 spear.
* * * LOW HITPOINT WARNING * * *
You block the goblin's attack.
The hobgoblin hits you but does no damage.
The giant cockroach closely misses you. The goblin hits you but does no damage.
You are too injured to fight recklessly!
You are too injured to fight recklessly!
You are too injured to fight recklessly!
You are too injured to fight recklessly!
You thump the hobgoblin!
You kill the hobgoblin!
The giant cockroach bites you.
* * * LOW HITPOINT WARNING * * *
Robin hits you but does no damage. You block the goblin's attack.
The goblin hits you but does no damage. The goblin barely misses you.
You barely miss the goblin.
The giant cockroach bites you but does no damage.
You block Robin's attack. The goblin hits you but does no damage.
You block the goblin's attack. The goblin hits you.
* * * LOW HITPOINT WARNING * * *
The giant cockroach bites you but does no damage.
Robin hits you but does no damage. The goblin hits you with a +0 dagger.
* * * LOW HITPOINT WARNING * * *
Unknown command.
You hit the goblin. The goblin hits you but does no damage.
You block the giant cockroach's attack. The goblin barely misses you.
Robin hits you but does no damage. You block the goblin's attack.
The goblin hits you with a +0 club.
You die...

#..............
#..............
#..............
#..............
#.....$........
.........g...).
#...ggs.....#
#@)..#
#..g....#
#.##....# #
#.#### #.# ..#
.## .


You could see Robin, a giant cockroach and 3 goblins.

Vanquished Creatures
  A dart slug (D:1)
  3 leopard geckos (D:1)
  3 hobgoblins
  A kobold (D:1)
  3 bats (D:1)
  3 frilled lizards (D:1)
  10 goblins
  7 rats (D:1)
31 creatures vanquished.

Notes
Turn   | Place    | Note
-------+----------+-------------------------------------------
     0 | D:1      | DavidChitty2 the Gargoyle Fighter began the quest for the
                  | Orb.
     0 | D:1      | Reached XP level 1. HP: 14/14 MP: 1/1
    55 | D:1      | Reached XP level 2. HP: 16/19 MP: 2/2
  1038 | D:2      | Noticed Robin
  1039 | D:2      | Reached XP level 3. HP: 23/23 MP: 3/3
  1199 | D:2      | HP: 1/23 [goblin/+0 dagger[Robin] (1)]
  1200 | D:2      | Slain by a goblin

Levels and vault maps discovered:
D:1:      scummos_arrival_simple_fountains, layout_loops_corners,
          minmay_heptomino_h4
D:2:      layout_rooms, uniq_robin, uniq_jessica, uniq_natasha

Action                   || total
-------------------------++-------
Melee: Flail             ||   130
  Eat: Chunk             ||     1
Armor: Scale mail        ||    98
Dodge: Dodged            ||    60
Block: Shield            ||    96

Table legend:
 A = Non-vault XP
 B = Vault XP
 C = Vault XP percentage of total XP
 D = Non-vault monster count
 E = Vault monster count
 F = Vault count percentage of total count
                 A         B        C        D         E       F
            +---------+---------+-------+---------+---------+-------
      Total |      33 |      18 |  35.3 |      21 |      10 |  32.3
            +---------+---------+-------+---------+---------+-------
        D:1 |      32 |      14 |  30.4 |      20 |       8 |  28.6
        D:2 |       1 |       4 |  80.0 |       1 |       2 |  66.7
            +---------+---------+-------+---------+---------+-------
